 Dungeon Sprint DCSS version 0.20.1-1-g8b1a95d (console) character file.

42 hilaritas the Skirmisher (level 3, -6/39 HPs)
             Began as a Troll Fighter on Feb 26, 2018.
             Was a Follower of Uskayaw.
             Mangled by a flying skull (10 damage)
             ... in the Dungeon (Sprint VII: "The Pits").
             The game lasted 00:01:01 (123 turns).

hilaritas the Skirmisher (Troll Fighter)             Turns: 123, Time: 00:01:02

Health: -6/39      AC:  5    Str: 24    XL:     3   Next: 33%
Magic:  0/3        EV:  8    Int:  5    God:    Uskayaw [*.....]
Gold:   0          SH:  9    Dex:  9    Spells: 2/2 levels left

rFire    . . .     SeeInvis .     - Unarmed
rCold    . . .     Gourm    +   b - +0 shield
rNeg     . . .     Faith    .   a - +0 robe
rPois    .         Spirit   .   (helmet restricted)
rElec    .         Reflect  .   (no cloak)
rCorr    .         Harm     .   (gloves unavailable)
MR       .....     NoTele   +   (boots unavailable)
Stlth    +.........             (no amulet)
Regen    0.6/turn               (no ring)
MPRegen  0.1/turn               (no ring)

@: no status effects
A: unfitting armour, claws 3, fast metabolism 3, gourmand, regeneration 1,
shaggy fur 1, tough skin 2
a: Stomp, Renounce Religion


You were in the Dungeon.
You worshipped Uskayaw.
Uskayaw was noncommittal.
You were not hungry.

You visited 1 branch

Inventory:

Hand Weapons
 k - a +2 mace
Armour
 a - a +0 robe (worn)
 b - a +0 shield (worn)
Scrolls
 j - a scroll of blinking
 m - 3 scrolls of remove curse
 n - 5 scrolls of amnesia
 o - a scroll of summoning
Potions
 c - a potion of might
 e - a potion of curing
 f - a potion of heal wounds
 g - a potion of haste
 h - 4 potions of magic
 i - 3 potions of berserk rage
 l - 2 potions of invisibility
Comestibles
 d - 9 bread rations
 p - 40 fruits
 q - 7 meat rations


   Skills:
 + Level 3.9 Fighting
 - Level 2.4 Dodging
 + Level 3.8 Shields
 * Level 3.8 Unarmed Combat
 * Level 2.0 Invocations


You had 2 spell levels left.
You didn't know any spells.

Dungeon Overview and Level Annotations

Branches:
Dungeon (1/1)

Altars:
Ashenzari
Cheibriados
Dithmenos
Elyvilon
Fedhas
Gozag
Hepliaklqana
Kikubaaqudgha
Makhleb
Nemelex Xobeh
Okawaru
Qazlal
Ru
Sif Muna
Trog
Uskayaw
Vehumet
Xom
Yredelemnul
Zin
The Shining One
Beogh
Jiyva
Lugonu


Innate Abilities, Weirdness & Mutations

You are too large for most types of armour.
You have claws for hands.
Your metabolism is lightning-fast.
You like to eat raw meat.
Your natural rate of healing is unusually fast.
You are covered in fur. (AC +1)
You have very tough skin. (AC +2)


Message History

You closely miss the flying skull.
The flying skull is moderately damaged.
You block the gnoll's attack. You block the flying skull's attack.
You scratch the flying skull but do no damage.
The flying skull is moderately damaged.
The flying skull closely misses you. You block the gnoll's attack.
The flying skull hits you.
You scratch the flying skull.
The flying skull is heavily damaged.
The gnoll hits you from afar with a spear.
The river rat twitches its whiskers.
You block the flying skull's attack.
You can now stomp with the beat.
You closely miss the flying skull.
The flying skull is moderately damaged.
The flying skull hits you!
The gnoll hits you from afar with a spear!
* * * LOW HITPOINT WARNING * * *
The flying skull hits you!
You die...

#__.____...###########+
##########'##..........
#.?(.')))'.##......#..#
##########.##..........
#.......(...'..........
+#####'#####......#..#
#...†.# #..........
#.....# ####'#####+
###)### #.......#
#.....# #.......#
#...@.# #.......#
####z## #...<...#
#...rg...##.......#
#......g.##.......#
###########.......#
#########


You could see a flying skull, a gnoll and a river rat.

Vanquished Creatures
  A worker ant (D)
  A river rat (D)
  An ooze (D)
  A hobgoblin (D)
  A jackal skeleton (D)
  A kobold (D)
6 creatures vanquished.

Notes
Turn   | Place    | Note
-------+----------+-------------------------------------------
     0 | D        | hilaritas the Troll Fighter began the quest for the Orb.
     0 | D        | Reached XP level 1. HP: 22/22 MP: 0/0
    11 | D        | Reached XP level 2. HP: 31/31 MP: 1/1
    40 | D        | Found a bloodstained altar of Trog.
    40 | D        | Found a deep blue altar of Sif Muna.
    40 | D        | Found a viscous altar of Jiyva.
    40 | D        | Found a hazy altar of Hepliaklqana.
    40 | D        | Found an opulent altar of Gozag.
    41 | D        | Found a glowing golden altar of the Shining One.
    41 | D        | Found a glowing silver altar of Zin.
    41 | D        | Found a basalt altar of Yredelemnul.
    41 | D        | Found a shimmering altar of Xom.
    41 | D        | Found a sacrificial altar of Ru.
    41 | D        | Found a stormy altar of Qazlal.
    41 | D        | Found an iron altar of Okawaru.
    41 | D        | Found a sparkling altar of Nemelex Xobeh.
    41 | D        | Found a burning altar of Makhleb.
    41 | D        | Found a blossoming altar of Fedhas.
    41 | D        | Found a white marble altar of Elyvilon.
    41 | D        | Found a shadowy altar of Dithmenos.
    41 | D        | Found a snail-covered altar of Cheibriados.
    43 | D        | Found a radiant altar of Vehumet.
    43 | D        | Found a corrupted altar of Lugonu.
    43 | D        | Found a roughly hewn altar of Beogh.
    44 | D        | Found a hide-covered altar of Uskayaw.
    44 | D        | Found an ancient bone altar of Kikubaaqudgha.
    44 | D        | Found a shattered altar of Ashenzari.
    52 | D        | Became a worshipper of Uskayaw the Reveler
    70 | D        | Reached * piety under Uskayaw
    83 | D        | Reached ** piety under Uskayaw
    86 | D        | Reached XP level 3. HP: 34/39 MP: 1/3
   114 | D        | Noticed a flying skull
   123 | D        | Mangled by a flying skull

Skill      XL: |  1  2 |
---------------+-------+-----
Fighting       | 3 |  3.9
Shields        | 3 |  3.8
Unarmed Combat | 3 |  3.8
Invocations    | 2 |  2.0
Dodging        | |  2.4

Action                   || total
-------------------------++-------
Melee: Unarmed           ||    18
Invok: Stomp             ||     1
Armor: Robe              ||     1
Dodge: Dodged            ||     3
Block: Shield            ||    12
